 Dungeon Crawl Stone Soup version 0.31.0-9-g3a7656b989 (webtiles) character file.

Game seed: 4282296243074113800

306 Couri the Slasher (level 6, -2/49 (51) HPs)
             Began as a Formicid Fighter on Feb 4, 2024.
             Slain by an orc priest
             ... wielding a +0 hand axe
              (4 damage)
             ... on level 4 of the Dungeon.
             The game lasted 00:06:47 (2677 turns).

Couri the Slasher (Formicid Fighter)                Turns: 2677, Time: 00:06:48

HP:   -2/49 (51)    AC:  6    Str: 23    XL:     6   Next: 67%
MP:   6/6           EV:  9    Int:  7    God:
Gold: 180           SH:  5    Dex: 13    Spells: 5/5 levels left

rFire   . . .        l - +2 club (spect)
rCold   . . .        c - +0 buckler
rNeg    . . .        b - +0 scale mail
rPois   .            (helmet unavailable)
rElec   .            (no cloak)
rCorr   .            (no gloves)
SInv    +            (no boots)
Will    .....        (no amulet) Stlth
                     (no ring)
HPRegen 0.28/turn    (no ring)
MPRegen 0.10/turn

%: no passive effects
@: lightly drained
A: permanent stasis, dig shafts and tunnels, antennae 3, four strong arms
a: Dig, Shaft Self


You were on level 4 of the Dungeon.
You visited 1 branch of the dungeon, and saw 4 of its levels.

You collected 180 gold pieces.

Inventory:

Hand Weapons
 a - a +0 long sword
 g - a +1 whip of pain
 l - a +2 spectral club (weapon)
Missiles
 q - 2 javelins
Armour
 b - a +0 scale mail (worn)
 c - a +0 buckler (worn)
Jewellery
 r - a +4 ring of protection
Wands
 k - a wand of flame (13)
Scrolls
 h - 6 scrolls of identify {unknown}
 i - a scroll of enchant armour {unknown}
 m - 2 scrolls of amnesia {unknown}
 n - a scroll of torment {unknown}
 s - a scroll of immolation {unknown}
Potions
 d - 2 potions of might
 e - 2 potions of brilliance {unknown}
 f - a potion of mutation {unknown}
 j - 3 potions of haste {unknown}
 o - a potion of ambrosia {unknown}
 p - a potion of cancellation {unknown}


   Skills:
 + Level 5.1 Fighting
 - Level 5.1 Long Blades
 * Level 1.5 Maces & Flails
 - Level 3.2 Armour
 - Level 4.0 Shields


You had 5 spell levels left.
You didn't know any spells.
Your spell library contained the following spells:

 Spells                   Type           Power      Damage    Failure   Level
 Ensorcelled Hibernation  Hex/Ice        0%         N/A       91%         2
 Fugue of the Fallen      Necr           0%         N/A       99%         3
 Anguish                  Hex/Necr       0%         N/A       100%        4


Dungeon Overview and Level Annotations

Branches:
Dungeon (4/15)             Temple (0/1) D:4

Altars:
Cheibriados
Elyvilon
Nemelex Xobeh
Vehumet
Xom
Zin

Annotations:
D:3 exclusion: statue


Innate Abilities, Weirdness & Mutations

You cannot be hasted, slowed, berserked, paralysed or teleported.
You can dig through walls and to a lower floor.
You have a pair of large antennae on your head. (SInv)
Your four strong arms can wield two-handed weapons with a shield.


Message History

The orc priest barely misses you.
You hit the orc priest.
The orc priest is severely wounded.
The orc priest hits you but does no damage.
You hit the orc priest.
The orc priest is almost dead.
The orc priest hits you with a +0 hand axe.
You hit the orc priest but do no damage.
The orc priest is almost dead.
The orc priest looks encouraged for a moment.
You barely miss the orc priest.
The orc priest is almost dead.
The orc priest looks satisfied for a moment.
You block the orc priest's attack.
You barely miss the orc priest.
The orc priest is almost dead.
The orc priest hits you with a +0 hand axe.
You hit the orc priest but do no damage.
The orc priest is almost dead.
The orc priest invokes the aid of Beogh against you.
You struggle to resist.
You hit the orc priest but do no damage.
The orc priest is almost dead.
The orc priest invokes the aid of Beogh against you.
Pain shoots through your body!
* * * LOW HITPOINT WARNING * * *
The orc priest calls down the wrath of Beogh upon you.
Pain shoots through your body!
* * * LOW HITPOINT WARNING * * *
You hit the orc priest but do no damage.
The orc priest is almost dead.
The orc priest barely misses you.
You barely miss the orc priest.
The orc priest is almost dead.
The orc priest hits you with a +0 hand axe.
* * * LOW HITPOINT WARNING * * *
You barely miss the orc priest.
The orc priest is almost dead.
The orc priest hits you with a +0 hand axe.
You die...

.......###+######...o.#
..............#.......#
.....#........#.......#
.....#........#.......#
.....#........#.......#
.....#........'.......#
.....#........#.......#
...).###+######o##....#
............# ##@# ####
............#.........#
............+.........#
..........).#.........#
#####.......######....#
#...#........ #####
#...'........
+...#........
#...#........


You could see an orc priest.

Vanquished Creatures
  Sigmund (D:2)
  A scorpion (D:4)
  Jessica (D:2)
  2 dart slugs
  A ribbon worm (D:4)
  An orc (D:3)
  8 ball pythons
  6 endoplasms
  3 giant cockroaches (D:4)
  4 goblins
  6 hobgoblins
  4 kobolds
  A quokka (D:1)
  2 bats
  2 frilled lizards
  3 rats
46 creatures vanquished.

Notes
Turn   | Place    | Note
-------+----------+-------------------------------------------
     0 | D:1      | Couri the Formicid Fighter began the quest for the Orb.
     0 | D:1      | Reached XP level 1. HP: 18/18 MP: 1/1
    16 | D:1      | You fall into a shaft and drop 1 floor!
    82 | D:1      | Reached XP level 2. HP: 24/24 MP: 2/2
   103 | D:1      | Found a faded altar of an unknown god.
   378 | D:1      | Reached XP level 3. HP: 30/30 MP: 3/3
  1104 | D:2      | Noticed Jessica
  1109 | D:2      | Killed Jessica
  1110 | D:2      | Reached XP level 4. HP: 20/37 MP: 4/4
  1251 | D:2      | Noticed Sigmund
  1271 | D:2      | Killed Sigmund
  1272 | D:2      | Reached skill level 5 in Long Blades
  1272 | D:2      | Reached XP level 5. HP: 30/43 MP: 5/5
  1272 | D:2      | Reached XP level 6. HP: 35/50 MP: 6/6
  1710 | D:3      | Found a white marble altar of Elyvilon.
  1867 | D:3      | Found a radiant altar of Vehumet.
  2007 | D:3      | Found a glowing silver altar of Zin.
  2386 | D:4      | Found a sparkling altar of Nemelex Xobeh.
  2390 | D:4      | Found a shimmering altar of Xom.
  2396 | D:4      | Found a shimmering altar of Xom.
  2400 | D:4      | Found a shimmering altar of Xom.
  2417 | D:4      | Found a snail-covered altar of Cheibriados.
  2467 | D:4      | Reached skill level 5 in Fighting
  2467 | D:4      | Reached skill level 1 in Maces & Flails
  2608 | D:4      | Found a staircase to the Ecumenical Temple.
  2676 | D:4      | HP: 2/49 [orc priest/+0 hand axe (2)]
  2677 | D:4      | Slain by an orc priest

Illustrated notes

Levels and vault maps discovered:
D:1:      dpeg_arrival_triangle_fractal, layout_loops_ring,
          shapermc_ecumenical_altar_mp_highgroup, chequers_serial_rivers_marsh,
          minmay_misc_feat_secret_circle
D:2:      layout_basic, uniq_sigmund, uniq_jessica
D:3:      layout_basic, vehumet_statue, mainiacjoe_overflow_large_starburst
D:4:      layout_gridville, xom_redecorated, nicolae_overflow_hidden_temple,
          grunt_temple_overflow_open, nicolae_overflow_squiral,
          minmay_temple_entry_junction, serial_bayou_pond_b

Skill      XL: |  1  2  3  4  5  6 |
---------------+-------------------+-----
Long Blades    | 3 5 |  5.1
Fighting       | 4 5 |  5.1
Maces & Flails | 1 |  1.5
Armour         | |  3.2
Shields        | |  4.0

Action                     |  1- 3 |  4- 6 || total
---------------------------+-------+-------++-------
  Melee: Long sword        |    59 |       ||    59
         Club              |       |    63 ||    63
Ability: Shaft Self        |     1 |       ||     1
         Dig               |       |     2 ||     2
 Armour: Scale mail        |    32 |    30 ||    62
  Dodge: Dodged            |    18 |    15 ||    33
  Block: Buckler           |    17 |    10 ||    27
